 Dungeon Sprint DCSS version 0.30-a0-830-gfe289a77b0 (webtiles) character file.

Game seed: 6071413515481827882

448336 BigDaddyOpFi the End of an Era (level 23, -32/216 HPs)
             Began as a Hill Orc Fighter on Feb 28, 2023.
             Was the Champion of Qazlal.
             Killed from afar by Foehecvin the pandemonium lord (67 damage)
             ... with a crystal spear
             ... in the Dungeon (Sprint VII: "The Pits").
             The game lasted 00:32:35 (16438 turns).

BigDaddyOpFi the End of an Era (Hill Orc Fighter)  Turns: 16438, Time: 00:32:36

Health: -32/216    AC: 19    Str: 27 (28) XL:     23   Next: 92%
Magic:  54/54      EV: 32    Int:  8      God:    Qazlal [******]
Gold:   231        SH:  8    Dex: 10      Spells: 76/76 levels left

rFire   + + .      SeeInvis .      - Unarmed
rCold   + + .      Faith    .    (shield currently unavailable)
rNeg    + + +      Spirit   .    (body armour currently unavailable)
rPois   ∞          Reflect  .    (helmet currently unavailable)
rElec   +          Harm     .    (cloak currently unavailable)
rCorr   +          Rampage  .    (gloves currently unavailable)
Will    +....      NoTele   +    (boots currently unavailable)
Stlth   +                        (amulet currently unavailable)
HPRegen 0.56/turn                (ring currently unavailable)
MPRegen 0.34/turn                (ring currently unavailable)

@: wisp-form, protected from physical damage, flying, silenced, repel missiles,
unable to drink
A: insubstantial, flying, no casting, tiny, (horns 1), deterioration 1, frail 1,
weak 1, (heat vulnerability 1), inability to drink after injury 2
0: Orb of Zot
}: 3/3 runes: silver, golden, iron
a: Renounce Religion


You were in the Dungeon.
You worshipped Qazlal.
Qazlal was exalted by your worship.
You were an insubstantial wisp.
You visited 1 branch You collected 231 gold pieces.

Inventory:

Hand Weapons
 p - the +16 consecrated labrys (melded) {holy, Valiant Fragile Fly SInv}
   (You found it in the Dungeon)

   Valiant:   It becomes more powerful as more dangerous foes come into view.
   SInv:      It lets you see invisible.
   Fly:       It grants you flight.
   Fragile:   It will be destroyed if unequipped.
Armour
 D - a +4 pair of gloves (melded)
 H - a +2 pair of boots (melded)
 S - +14 gold dragon scales (melded)
 T - a +5 tower shield (melded)
 U - the +2 cloak of the Old World (melded) {rElec rN+}
   (You found it in the Dungeon)

   rElec:     It insulates you from electricity.
   rN:        It protects you from negative energy.
Jewellery
 c - a +6 ring of evasion (melded)
 l - the ring "Gyage" {Str+3 Dex+6}
   (You found it in the Dungeon)

   [ring of dexterity]

   Str:       It affects your strength (+3).
   Dex:       It affects your dexterity (+6).
 m - the amulet "Heqoev" {Spirit Fly rF+++ Regen+ Slay-4}
   (You found it in the Dungeon)

   [amulet of guardian spirit]

   It causes incoming damage to be divided between your reserves of health and
   magic.
   Slay:      It affects your accuracy & damage with ranged weapons and melee
   (-4).
   rF:        It renders you almost immune to fire.
   Fly:       It grants you flight.
   Regen:     It increases your rate of health regeneration.
 r - the ring of Voluent {Fly Str+3 Slay+4}
   (You found it in the Dungeon)

   [ring of slaying]

   Str:       It affects your strength (+3).
   Slay:      It affects your accuracy & damage with ranged weapons and melee
   (+4).
   Fly:       It grants you flight.
 t - the ring of the Ant {*Corrode rN+ Will+ Str+2}
   (You found it in the Dungeon)

   [ring of positive energy]

   Str:       It affects your strength (+2).
   rN:        It protects you from negative energy.
   *Corrode:  It may corrode you when you take damage.
   Will:      It increases your willpower.
 y - the amulet "Bitzoyre" (melded) {rElec Regen+ Str+7 Dex+3}
   (You found it in the Dungeon)

   [amulet of regeneration]

   Str:       It affects your strength (+7).
   Dex:       It affects your dexterity (+3).
   rElec:     It insulates you from electricity.
   Regen:     It increases your rate of health regeneration.
 z - the ring "Wuituwih" {Fly Will+ Int+6 Dex-3}
   (You found it in the Dungeon)

   [ring of flight]

   Int:       It affects your intelligence (+6).
   Dex:       It affects your dexterity (-3).
   Fly:       It grants you flight.
   Will:      It increases your willpower.
 A - the ring of Temptation {Fire rElec rPois Will- Dex+2}
   (You found it in the Dungeon)

   [ring of fire]

   It enhances your fire magic.
   Dex:       It affects your dexterity (+2).
   rF:        It protects you from fire.
   rC:        It makes you vulnerable to cold.
   rElec:     It insulates you from electricity.
   rPois:     It protects you from poison.
   Will:      It decreases your willpower.
 C - the ring of Zotouceu {rPois rCorr EV+5}
   (You found it in the Dungeon)

   [ring of evasion]

   EV:        It affects your evasion (+5).
   rPois:     It protects you from poison.
   rCorr:     It protects you from acid and corrosion.
 E - the ring of Xoocw {Str+3 Int+6}
   (You found it in the Dungeon)

   [ring of intelligence]

   Str:       It affects your strength (+3).
   Int:       It affects your intelligence (+6).
 F - the ring "Joydyts" {+Blink AC+4}
   (You found it in the Dungeon)

   [ring of protection]

   AC:        It affects your AC (+4).
   +Blink:    It lets you blink.
 G - the ring "Quum" {rC++ Will+ MP+9}
   (You found it in the Dungeon)

   [ring of magical power]

   rC:        It greatly protects you from cold.
   MP:        It affects your magic capacity (+9).
   Will:      It increases your willpower.
 J - the amulet "Qufoeluf" {Faith rC++ Dex+2}
   (You found it in the Dungeon)

   [amulet of faith]

   It allows you to gain divine favour quickly.
   Dex:       It affects your dexterity (+2).
   rC:        It greatly protects you from cold.
 O - the ring of Yxtopoh {rElec Will- rCorr Dex-4 SInv}
   (You found it in the Dungeon)

   [ring of resist corrosion]

   Dex:       It affects your dexterity (-4).
   rElec:     It insulates you from electricity.
   SInv:      It lets you see invisible.
   rCorr:     It protects you from acid and corrosion.
   Will:      It decreases your willpower.
 Q - the ring "Kotuazo" (melded) {MP+9 AC+6 Str+3 Int+2}
   (You found it in the Dungeon)

   [ring of protection]

   AC:        It affects your AC (+6).
   Str:       It affects your strength (+3).
   Int:       It affects your intelligence (+2).
   MP:        It affects your magic capacity (+9).
 R - an amulet of the acrobat
 W - an amulet of magic regeneration
 X - the ring of Hecvedam {rC+ Str+6}
   (You found it in the Dungeon)

   [ring of strength]

   Str:       It affects your strength (+6).
   rC:        It protects you from cold.
 Y - the ring of Eqeclaus {rN+ Int+2}
   (You found it in the Dungeon)

   [ring of positive energy]

   Int:       It affects your intelligence (+2).
   rN:        It protects you from negative energy.
 Z - the amulet "Xiug" {Acrobat rElec Stlth+}
   (You found it in the Dungeon)

   [amulet of the acrobat]

   It increases your evasion while moving and waiting.
   rElec:     It insulates you from electricity.
   Stlth:     It makes you more stealthy.
Wands
 b - a wand of digging (9)
 P - a wand of flame (18) (quivered)
Scrolls
 j - 3 scrolls of blinking
 u - 6 scrolls of identify
 v - 9 scrolls of enchant weapon
 w - 3 scrolls of fog
 x - 2 scrolls of fear
 I - a scroll of brand weapon
 N - a scroll of silence
Potions
 a - 3 potions of degeneration
 d - 7 potions of curing
 e - 14 potions of heal wounds
 f - 5 potions of might
 g - 10 potions of haste
 h - 9 potions of magic
 i - 10 potions of berserk rage
 k - 3 potions of invisibility
 n - 5 potions of cancellation
 q - 6 potions of brilliance
 s - 2 potions of resistance
 B - 11 potions of mutation
 K - a potion of flight
 M - 2 potions of lignification
Miscellaneous
 o - a phantom mirror (inert)
 L - a phantom mirror (inert)
 V - a phantom mirror (inert)


   Skills:
 O Level 27 Fighting
 O Level 27 Axes
 O Level 27 Maces & Flails
 O Level 27 Polearms
 + Level 16.8(25.9) Staves
 O Level 27 Throwing
 O Level 27 Armour
 O Level 27 Dodging
 O Level 27 Stealth
 O Level 27 Shields
 + Level 19.7 Unarmed Combat
 O Level 27 Spellcasting
 O Level 27 Invocations
 O Level 27 Evocations


You had 76 spell levels left.
You didn't know any spells.
Your spell library contained the following spells:

 Spells                   Type           Power      Damage    Failure   Level
 Apportation              Tloc           20%        N/A       2%          1
 Freeze                   Ice            40%        1d6       2%          1
 Magic Dart               Conj           40%        1d5       2%          1
 Necrotise                Necr           40%        1d6       2%          1
 Sandblast                Erth           20%        2d7       2%          1
 Summon Small Mammal      Summ           40%        N/A       2%          1
 Blink                    Tloc           20%        N/A       4%          2
 Call Imp                 Summ           10%        N/A       4%          2
 Cigotuvi's Dreadful Rot  Necr/Pois/Air  20%        N/A       4%          2
 Ensorcelled Hibernation  Hex/Ice        20%        N/A       4%          2
 Lesser Beckoning         Tloc           20%        N/A       4%          2
 Momentum Strike          Conj/Tloc      20%        3d8       4%          2
 Searing Ray              Conj           20%        2d5       4%          2
 Static Discharge         Conj/Air       20%        2-3/arc   4%          2
 Sublimation of Blood     Necr           10%        N/A       4%          2
 Wereblood                Tmut           10%        N/A       4%          2
 Frozen Ramparts          Ice            20%        1d4       9%          3
 Hailstorm                Conj/Ice       10%        3d5       9%          3
 Inner Flame              Hex/Fire       10%        N/A       9%          3
 Kindle Blastsparks       Fire/Tloc/Air  20%        2d11      9%          3
 Mephitic Cloud           Conj/Pois/Air  10%        N/A       9%          3
 Portal Projectile        Hex/Tloc       20%        N/A       9%          3
 Vhi's Electric Charge    Tloc/Air       20%        N/A       9%          3
 Anguish                  Hex/Necr       5%         N/A       26%         4
 Animate Armour           Summ/Erth      20%        N/A       26%         4
 Animate Dead             Necr           10%        N/A       26%         4
 Dispel Undead            Necr           10%        3d9       26%         4
 Flame Wave               Conj/Fire      10%        2d6       26%         4
 Fulminant Prism          Conj/Hex       5%         3d7       26%         4
 Iskenderun's Mystic Bla  Conj/Tloc      10%        2d4       26%         4
 Leda's Liquefaction      Hex/Erth       5%         N/A       26%         4
 Manifold Assault         Tloc           10%        N/A       26%         4
 Passage of Golubria      Tloc           10%        N/A       26%         4
 Petrify                  Tmut/Erth      10%        N/A       26%         4
 Summon Ice Beast         Ice/Summ       10%        N/A       26%         4
 Arcjolt                  Conj/Air       5%         1d15      58%         5
 Blade Hands              Tmut           5%         N/A       58%         5
 Fireball                 Conj/Fire      5%         3d5       58%         5
 Freezing Cloud           Conj/Ice/Air   5%         6-21      58%         5
 Irradiate                Conj/Tmut      5%         3d13      58%         5
 Lee's Rapid Deconstruct  Erth           5%         3d6*      58%         5
 Lightning Bolt           Conj/Air       5%         1d17      58%         5
 Metabolic Englaciation   Hex/Ice        5%         N/A       58%         5
 Silence                  Hex/Air        5%         N/A       58%         5
 Summon Forest            Summ/Tloc      5%         N/A       58%         5
 Summon Mana Viper        Hex/Summ       10%        N/A       58%         5
 Yara's Violent Unravell  Hex/Tmut       5%         3d4       58%         5
 Death Channel            Necr           5%         N/A       99%         6
 Dispersal                Tloc           5%         N/A       99%         6
 Iron Shot                Conj/Erth      5%         9d2       99%         6
 Simulacrum               Ice/Necr       5%         N/A       99%         6
 Statue Form              Tmut/Erth      6%         N/A       99%         6
 Summon Cactus Giant      Summ           5%         N/A       99%         6
 Dragon Form              Tmut           5%         N/A       100%        7
 Enfeeble                 Hex            5%         N/A       100%        7
 Haunt                    Necr/Summ      5%         N/A       100%        7
 Monstrous Menagerie      Summ           5%         N/A       100%        7
 Storm Form               Tmut/Air       5%         N/A       100%        7
 Summon Hydra             Summ           5%         N/A       100%        7
 Ignition                 Fire           5%         3d4       100%        8
 Infestation              Necr           5%         N/A       100%        8
 Lehudib's Crystal Spear  Conj/Erth      5%         10d3      100%        8
 Maxwell's Capacitive Co  Air            5%         ∞         100%        8
 Chain Lightning          Conj/Air       5%         3d6       100%        9
 Fire Storm               Conj/Fire      5%         8d1       100%        9
 Polar Vortex             Ice            5%         N/A       100%        9
 Shatter                  Erth           5%         3d8*      100%        9


Dungeon Overview and Level Annotations

Branches:
Dungeon (1/1)

Altars:
Ashenzari
Cheibriados
Dithmenos
Elyvilon
Fedhas
Gozag
Hepliaklqana
Kikubaaqudgha
Makhleb
Nemelex Xobeh
Okawaru
Qazlal
Ru
Sif Muna
Trog
Uskayaw
Vehumet
Wu Jian
Xom
Yredelemnul
Zin
The Shining One
Beogh
Jiyva
Lugonu


Innate Abilities, Weirdness & Mutations

You are an insubstantial wisp.
Your tiny insubstantial body is highly resistant to most damage types.
You are flying.
Your equipment is entirely melded.
You are incapable of wielding weapons or throwing items.
You cannot cast spells.
((You have a pair of small horns on your head.))
Your body sometimes deteriorates upon taking damage.
You are frail. (-10% HP)
You are weak. (Str -2)
((You are vulnerable to heat. (rF-)))
You sometimes lose the ability to drink potions when taking damage.


Message History

You barely miss Foehecvin.
Foehecvin is severely wounded.
The chaos spawn misses you. Foehecvin hits you!!
You feel threatened and lose the ability to drink potions!
* * * LOW HITPOINT WARNING * * *
You cannot drink potions in your current state!
Magic scrolls do not work when you're silenced!
Okay, then.
You can't wear jewellery in your present form.
Aiming: Phantom Mirror
Press: ? - help, Dir - move target, f - Foehecvin
Aim: Foehecvin (silenced, severely wounded, radiating silence, unaffected by silence)
You reflect Foehecvin with the mirror!
The mirror clouds!
Foehecvin hits you!
* * * LOW HITPOINT WARNING * * *
Foehecvin hits the chaos spawn!
The chaos spawn dies!
Qazlal accepts your kill.
The chaos spawn degenerates into a cloud of primal chaos!
What are your orders?
Orders for allies: a - Attack new target. p - Attack previous target. r - Retreat! s - Stop attacking. g - Guard the area. f - Follow me.
Anything else - Cancel.
Gang up on whom?
Press: ? - help, Dir - move target, f/p - Foehecvin
Aim: Foehecvin (silenced, severely wounded, radiating silence, unaffected by silence) Attack!
You block Foehecvin's attack.
Foehecvin gestures.
Foehecvin's surroundings become eerily quiet.
Foehecvin gestures.
Foehecvin's surroundings become eerily quiet.
Foehecvin hits Foehecvin!
You touch Foehecvin!
Foehecvin is severely wounded.
Foehecvin misses Foehecvin.
Foehecvin gestures at you. The crystal spear hits you!!!
Your resistance to electricity fades away.
You feel protected from physical attacks.
You die...

#'#####)#####[.)[..#..#......#
#.#...#.#[[##))))[)..........#
#.#...#.#))#####'#####''######
#.#...'.#))##.[.[...##''# ###
#.##)####))##[..)...##..# ##..
#.#)))..#..##....)..##[)###..#
#.#.)...#'###§..<...##..##..##
#.#........##○§°[..)##..##.##)
#.#........##v&....[##..####..
#)###########.§&..[)##...##...
#)).....#..###########....'.[.
#.......#.############...##...
#...#...#.#(...#....##..####..
#..###..#)#)...#..[[##..##.##.
#...#...#.'....'..))##..##..##
#....)..#'#....#..[)##..###..#
#.......'.#....#..))##..# ##..


You could see Foehecvin (silencing, unsilenced, ally target) and the friendly
Foehecvin (summoned, silencing, unsilenced, drained).

Vanquished Creatures
  20 pandemonium lords (D)
  Antaeus (D)
  Asmodeus (D)
  Dissolution (D)
  Mnoleg (D)
  7 ancient liches (D)
  4 orbs of fire (D)
  Mennas (D)
  Mara (D)
  7 royal mummies (D)
  Boris (thrice) (D)
  2 Killer Klowns (D)
  Frederick (D)
  the Lernaean hydra (D)
  3 curse toes (D)
  Margery (D)
  3 golden dragons (D)
  Nikola (D)
  Jory (D)
  6 pearl dragons (D)
  5 profane servitors (D)
  Arachne (D)
  10 bone dragons (D)
  6 electric golems (D)
  3 Brimstone Fiends (D)
  8 Tzitzimimeh (D)
  A hellephant (D)
  5 Ice Fiends (D)
  2 tentacled monstrosities (D)
  7 Hell Sentinels (D)
  18 liches (D)
  3 deep elf blademasters (D)
  51 Orb Guardians (D)
  A quicksilver dragon (D)
  3 deep elf master archers (D)
  3 titans (D)
  A sphinx (D)
  6 Executioners (D)
  2 storm dragons (D)
  6 nagarajas (D)
  4 shadow dragons (D)
  An azure jelly (D)
  2 daevas (D)
  3 deep elf sorcerers (D)
  4 rockslimes (D)
  2 draconian knights (D)
  A draconian scorcher (D)
  5 demonspawn warmongers (D)
  6 balrugs (D)
  An iron dragon (D)
  Louise (D)
  3 angels (D)
  2 ghost moths (D)
  6 cacodemons (D)
  A draconian stormcaller (D)
  2 spriggan defenders (D)
  3 orc warlords (D)
  6 ghouls (D)
  2 stone giants (D)
  4 reapers (D)
  2 war gargoyles (D)
  4 demonspawn blood saints (D)
  11 vampire knights (D)
  3 draconian annihilators (D)
  An ophan (D)
  A deep elf demonologist (D)
  A green draconian (D)
  3 demonspawn black suns (D)
  4 dire elephants (D)
  A red draconian (D)
  2 apis (D)
  A black draconian (D)
  A lorocyproca (D)
  3 deep elf annihilators (D)
  A purple draconian (D)
  3 white draconians (D)
  A minotaur (D)
  A yellow draconian (D)
  6 green deaths (D)
  7 blizzard demons (D)
  A merfolk javelineer (D)
  6 deep elf death magi (D)
  4 fire dragons (D)
  2 ettins (D)
  7 mummy priests (D)
  A yaktaur captain (D)
  A deep elf high priest (D)
  2 great orbs of eyes (D)
  4 vault guards (D)
  A hydra (D)
  2 centaur warriors (D)
  9 hell beasts (D)
  A catoblepas (D)
  4 ogre magi (D)
  2 rakshasas (D)
  A merfolk avatar (D)
  An anaconda (D)
  4 two-headed ogres (D)
  10 vampire magi (D)
  A deep troll shaman (D)
  6 hell hogs (D)
  2 spriggan berserkers (D)
  A naga warrior (D)
  3 death knights (D)
  A dancing weapon (D)
  18 sun demons (D)
  Urug (D)
  6 soul eaters (D)
  2 deep elf knights (D)
  A shadow wraith (D)
  8 sixfirhies (D)
  An iron troll (D)
  A spriggan druid (D)
  2 cherubim (D)
  A glowing orange brain (D)
  17 skeletal warriors (D)
  2 deep trolls (D)
  2 swamp dragons (D)
  2 shadow demons (D)
  3 flayed ghosts (D)
  2 wizards (D)
  6 large abominations (D)
  2 bog bodies (D)
  11 orc knights (D)
  3 deep elf pyromancers (D)
  A phantasmal warrior (D)
  A deep elf zephyrmancer (D)
  2 wolf spiders (D)
  An orc sorcerer (D)
  A manticore (D)
  A moth of wrath (D)
  An elephant (D)
  6 rust devils (D)
  A molten gargoyle (D)
  2 demonic crawlers (D)
  5 smoke demons (D)
  A gargoyle (D)
  9 orange demons (D)
  2 kobold demonologists (D)
  6 hellions (D)
  2 freezing wraiths (D)
  8 tormentors (D)
  4 ice devils (D)
  3 yaktaurs (D)
  4 guardian mummies (D)
  4 red devils (D)
  A wind drake (D)
  2 merfolk (D)
  2 hornets (D)
  A wandering mushroom (D)
  7 hellwings (D)
  A tyrant leech (D)
  3 trolls (D)
  4 dream sheep (D)
  A culicivora (shapeshifter) (D)
  An air elemental (D)
  A jumping spider (D)
  3 spriggans (D)
  A wyvern (D)
  5 vampires (D)
  5 wraiths (D)
  Grum (D)
  A fire bat (D)
  A golden eye (D)
  6 neqoxecs (D)
  3 chaos spawn (D)
  A steam dragon (D)
  3 acid dragons (D)
  2 wargs (D)
  2 small abominations (D)
  2 floating eyes (D)
  Duvessa (D)
  An ice beast (D)
  An orc warrior (D)
  4 wolves (D)
  4 ogres (D)
  A centaur (D)
  A bullfrog (D)
  2 kobold brigands (D)
  2 scorpions (D)
  4 earth elementals (D)
  Dowan (D)
  6 killer bees (D)
  A quasit (D)
  A jelly (D)
  2 orc priests (D)
  2 gnoll boudas (D)
  An iron imp (D)
  Ijyb (D)
  6 orc wizards (D)
  A hell rat (D)
  7 gnolls (D)
  A river rat (D)
  3 ufetubi (D)
  2 adder zombies (D)
  4 adder skeletons (D)
  A worm (D)
  8 adder simulacra (D)
  8 orcs (D)
  3 ball pythons (D)
  5 bat skeletons (D)
  3 bat zombies (D)
  An endoplasm (D)
  A goblin (D)
  A hobgoblin (D)
  4 kobolds (D)
  6 ball python simulacra (D)
  5 ball python skeletons (D)
  4 ball python zombies (D)
  7 bat simulacra (D)
  2 frilled lizards (D)
  3 giant cockroach simulacra (D)
  2 giant cockroach zombies (D)
  A jackal simulacrum (D)
  2 jackal skeletons (D)
  2 jackal zombies (D)
  A quokka simulacrum (D)
  2 quokka zombies (D)
  A rat (D)
  2 ball lightnings (D)
752 creatures vanquished.

Vanquished Creatures (collateral kills)
  A chaos spawn (D)
1 creature vanquished.

Vanquished Creatures (others)
  An Orb Guardian (D)
  A lich (D)
  A demonspawn warmonger (D)
  A hell hog (D)
  A sixfirhy (D)
  A large abomination (D)
  A golden eye (D)
  A neqoxec (D)
  4 ball lightnings (D)
12 creatures vanquished.

Grand Total: 765 creatures vanquished

Notes
Turn   | Place    | Note
-------+----------+-------------------------------------------
     0 | D        | BigDaddyOpFi the Hill Orc Fighter began the quest for the
                  | Orb.
     0 | D        | Reached XP level 1. HP: 19/19 MP: 1/1
    14 | D        | Found a bloodstained altar of Trog.
    14 | D        | Found a shimmering blue altar of Sif Muna.
    14 | D        | Found a viscous altar of Jiyva.
    14 | D        | Found a hazy altar of Hepliaklqana.
    14 | D        | Found an opulent altar of Gozag.
    15 | D        | Found a glowing golden altar of the Shining One.
    15 | D        | Found a glowing silver altar of Zin.
    15 | D        | Found a basalt altar of Yredelemnul.
    15 | D        | Found a shimmering altar of Xom.
    15 | D        | Found an ornate altar of the Wu Jian Council.
    15 | D        | Found a sacrificial altar of Ru.
    15 | D        | Found a stormy altar of Qazlal.
    15 | D        | Found an iron altar of Okawaru.
    15 | D        | Found a sparkling altar of Nemelex Xobeh.
    15 | D        | Found a burning altar of Makhleb.
    15 | D        | Found a blossoming altar of Fedhas.
    15 | D        | Found a white marble altar of Elyvilon.
    15 | D        | Found a shadowy altar of Dithmenos.
    15 | D        | Found a snail-covered altar of Cheibriados.
    16 | D        | Found a radiant altar of Vehumet.
    16 | D        | Found a corrupted altar of Lugonu.
    16 | D        | Found a roughly hewn altar of Beogh.
    17 | D        | Found an ancient bone altar of Kikubaaqudgha.
    17 | D        | Found a hide-covered altar of Uskayaw.
    17 | D        | Found a broken altar of Ashenzari.
    20 | D        | Became a worshipper of Qazlal Stormbringer
    51 | D        | Reached XP level 2. HP: 16/28 MP: 2/2
   175 | D        | Noticed a scorpion
   181 | D        | Killed a scorpion
   181 | D        | Reached * piety under Qazlal
   182 | D        | Reached skill level 5 in Axes
   182 | D        | Reached skill level 5 in Armour
   182 | D        | Reached skill level 5 in Shields
   182 | D        | Reached XP level 3. HP: 32/37 MP: 3/3
   182 | D        | Reached XP level 4. HP: 38/44 MP: 4/4
   324 | D        | Reached ** piety under Qazlal
   325 | D        | Reached skill level 1 in Invocations
   335 | D        | Reached *** piety under Qazlal
   340 | D        | Reached XP level 5. HP: 15/51 MP: 5/8
   404 | D        | Noticed an ogre
   404 | D        | Noticed an ice beast
   409 | D        | Reached **** piety under Qazlal
   410 | D        | Reached skill level 5 in Invocations
   421 | D        | Reached ***** piety under Qazlal
   422 | D        | Reached XP level 6. HP: 41/61 MP: 9/11
   437 | D        | Reached XP level 7. HP: 47/69 MP: 11/13
   533 | D        | Noticed a deep elf zephyrmancer
   544 | D        | HP: 3/69 [deep elf zephyrmancer/bolt of lightning (22)]
   545 | D        | Killed a deep elf zephyrmancer
   545 | D        | Reached ****** piety under Qazlal
   546 | D        | Reached skill level 10 in Axes
   546 | D        | Reached XP level 8. HP: 4/79 MP: 14/16
   939 | D        | Noticed Ijyb
   939 | D        | Noticed Duvessa
   939 | D        | Noticed Dowan
   947 | D        | Killed Dowan
   961 | D        | Killed Duvessa
   962 | D        | Reached skill level 10 in Fighting
   964 | D        | Paralysed by Ijyb for 5 turns
   970 | D        | Killed Ijyb
  1438 | D        | Found the +4 consecrated labrys {holy, Valiant Fragile Fly
                  | SInv}
  1538 | D        | Noticed Urug
  1539 | D        | Noticed a vampire knight
  1544 | D        | Killed a vampire knight
  1545 | D        | Reached skill level 10 in Armour
  1545 | D        | Reached skill level 10 in Shields
  1545 | D        | Reached XP level 9. HP: 73/89 MP: 17/19
  1548 | D        | Killed Urug
  1549 | D        | Reached skill level 15 in Invocations
  1621 | D        | Noticed a deep elf pyromancer
  1621 | D        | Noticed a phantasmal warrior
  1621 | D        | Noticed a swamp dragon
  1622 | D        | Killed a phantasmal warrior
  1622 | D        | Killed a deep elf pyromancer
  1623 | D        | Reached XP level 10. HP: 99/99 MP: 12/22
  1630 | D        | Killed a swamp dragon
  1751 | D        | Noticed a manticore
  1753 | D        | Noticed a deep troll
  1757 | D        | Killed a manticore
  1758 | D        | Noticed an orange demon
  1759 | D        | Noticed a molten gargoyle
  1760 | D        | Killed a deep troll
  1764 | D        | Killed an orange demon
  1765 | D        | Killed a molten gargoyle
  2016 | D        | Noticed a flayed ghost
  2021 | D        | Noticed a spriggan druid
  2025 | D        | Killed a flayed ghost
  2026 | D        | Reached XP level 11. HP: 99/108 MP: 24/24
  2029 | D        | Noticed a catoblepas
  2031 | D        | Killed a spriggan druid
  2033 | D        | Noticed a shadow wraith
  2036 | D        | Killed a catoblepas
  2039 | D        | Killed a shadow wraith
  2045 | D        | Reached skill level 15 in Axes
  2653 | D        | Noticed an eight-headed hydra
  2667 | D        | Killed a 14-headed hydra
  2668 | D        | Reached skill level 15 in Fighting
  2806 | D        | Noticed a vampire knight
  2812 | D        | Killed a vampire knight
  2919 | D        | Reached XP level 12. HP: 121/121 MP: 26/26
  2943 | D        | Noticed a sun demon
  3080 | D        | Noticed a ghost moth
  3087 | D        | Killed a ghost moth
  3275 | D        | Noticed an ogre mage
  3275 | D        | Noticed a two-headed ogre
  3275 | D        | Noticed a two-headed ogre
  3275 | D        | Noticed a two-headed ogre
  3275 | D        | Noticed a two-headed ogre
  3276 | D        | Killed a two-headed ogre
  3276 | D        | Killed a two-headed ogre
  3276 | D        | Killed a two-headed ogre
  3276 | D        | Killed a two-headed ogre
  3276 | D        | Killed an ogre mage
  3530 | D        | Noticed Arachne
  3532 | D        | Noticed an orc warlord
  3532 | D        | Noticed an orc warlord
  3533 | D        | Reached skill level 15 in Armour
  3533 | D        | Reached skill level 15 in Shields
  3536 | D        | Noticed a deep elf knight
  3538 | D        | Killed an orc warlord
  3538 | D        | Killed a deep elf knight
  3538 | D        | Killed an orc warlord
  3538 | D        | Killed Arachne
  3539 | D        | Reached XP level 13. HP: 100/133 MP: 10/29
  3554 | D        | Noticed a vault guard
  3557 | D        | Noticed a yaktaur captain
  3559 | D        | Killed a vault guard
  3560 | D        | Killed a yaktaur captain
  3738 | D        | Noticed a vault guard
  3745 | D        | Killed a vault guard
  3974 | D        | Noticed a vault guard
  3984 | D        | Killed a vault guard
  4346 | D        | Noticed Grum
  4347 | D        | Noticed a great orb of eyes
  4347 | D        | Killed Grum
  4347 | D        | Killed a great orb of eyes
  4362 | D        | Reached XP level 14. HP: 121/144 MP: 19/31
  4372 | D        | Noticed a nagaraja
  4385 | D        | Killed a nagaraja
  4386 | D        | Reached skill level 27 in Invocations
  4618 | D        | Got the amulet "Bitzoyre" {rElec Regen+ Str+7 Dex+3}
  4657 | D        | Noticed a titan
  4660 | D        | Noticed an angel
  4663 | D        | Noticed an iron dragon
  4668 | D        | Killed a titan
  4668 | D        | Noticed a ghost moth
  4675 | D        | Killed an angel
  4676 | D        | Killed an iron dragon
  4682 | D        | Killed a ghost moth
  5012 | D        | Noticed an apis
  5018 | D        | Killed an apis
  5024 | D        | Noticed a bone dragon
  5025 | D        | Noticed a red draconian
  5026 | D        | Killed a bone dragon
  5033 | D        | Noticed a spriggan defender
  5046 | D        | Killed a spriggan defender
  5061 | D        | Killed a red draconian
  5292 | D        | Noticed a storm dragon
  5292 | D        | Noticed Boris
  5293 | D        | Noticed a stone giant
  5294 | D        | Killed a stone giant
  5298 | D        | Killed a storm dragon
  5301 | D        | Killed Boris
  5302 | D        | Reached XP level 15. HP: 160/160 MP: 24/32
  5305 | D        | Noticed a nagaraja
  5312 | D        | Killed a nagaraja
  5463 | D        | Noticed a lich
  5463 | D        | Noticed a lich
  5463 | D        | Noticed a lich
  5463 | D        | Noticed a lich
  5463 | D        | Noticed a ghoul
  5463 | D        | Noticed a lich
  5464 | D        | Killed a lich
  5464 | D        | Killed a lich
  5464 | D        | Killed a lich
  5464 | D        | Killed a lich
  5464 | D        | Killed a ghoul
  5464 | D        | Killed a lich
  5464 | D        | Noticed a bone dragon
  5466 | D        | Noticed a bone dragon
  5466 | D        | Noticed a bone dragon
  5468 | D        | Noticed a ghoul
  5469 | D        | Killed a bone dragon
  5469 | D        | Killed a ghoul
  5469 | D        | Killed a bone dragon
  5471 | D        | Killed a bone dragon
  5574 | D        | Got a silver rune of Zot
  5736 | D        | Noticed a sphinx
  5738 | D        | Killed a sphinx
  5738 | D        | Killed a deep elf sorcerer
  5739 | D        | Reached skill level 27 in Axes
  5739 | D        | Reached XP level 16. HP: 178/178 MP: 24/33
  5780 | D        | Noticed a nagaraja
  5788 | D        | Killed a nagaraja
  5839 | D        | Got the Annotations on the Transformed Geodesic
  5846 | D        | Got the Octavo of the Non-Euclidean Glacier
  5853 | D        | Got Ifiof's Vademecum on Battle Magic and Erosion
  5924 | D        | Got the ring "Kotuazo" {MP+9 AC+6 Str+3 Int+2}
  6004 | D        | Noticed a titan
  6005 | D        | Noticed a deep elf master archer
  6011 | D        | Killed a deep elf master archer
  6013 | D        | Killed a titan
  6065 | D        | Noticed an Executioner
  6066 | D        | Noticed a lich
  6068 | D        | Killed an Executioner
  6068 | D        | Killed a lich
  6069 | D        | Reached skill level 27 in Fighting
  6098 | D        | Noticed the 27-headed Lernaean hydra
  6102 | D        | Killed the 27-headed Lernaean hydra
  6271 | D        | Noticed Louise
  6285 | D        | Killed Louise
  6308 | D        | Noticed a shadow dragon
  6308 | D        | Noticed a nagaraja
  6309 | D        | Killed a nagaraja
  6310 | D        | Noticed Jory
  6311 | D        | Killed a shadow dragon
  6312 | D        | Reached skill level 27 in Armour
  6312 | D        | Reached skill level 27 in Shields
  6313 | D        | Killed Jory
  6314 | D        | Reached skill level 5 in Dodging
  6471 | D        | Noticed a golden dragon
  6479 | D        | Killed a golden dragon
  6480 | D        | Reached XP level 17. HP: 170/191 MP: 34/34
  6526 | D        | Reached skill level 10 in Dodging
  6541 | D        | Noticed a curse toe
  6550 | D        | Killed a curse toe
  6775 | D        | Got the ring "Viuqumuag" {Fire rElec Str+5}
  6841 | D        | Got the +2 cloak of the Old World {rElec rN+}
  6930 | D        | Noticed a profane servitor
  6930 | D        | Noticed a profane servitor
  6930 | D        | Noticed a Killer Klown
  6935 | D        | Noticed a deep elf blademaster
  6937 | D        | Killed a Killer Klown
  6937 | D        | Killed a deep elf blademaster
  6939 | D        | Killed a profane servitor
  6950 | D        | Killed a profane servitor
  7123 | D        | Noticed an Orb Guardian
  7123 | D        | Noticed an Orb Guardian
  7123 | D        | Noticed an Orb Guardian
  7123 | D        | Noticed an Orb Guardian
  7123 | D        | Noticed a quicksilver dragon
  7124 | D        | Noticed an Orb Guardian
  7124 | D        | Noticed Mara
  7124 | D        | Noticed an Orb Guardian
  7127 | D        | Killed an Orb Guardian
  7127 | D        | Killed an Orb Guardian
  7127 | D        | Killed an Orb Guardian
  7127 | D        | Killed a quicksilver dragon
  7127 | D        | Killed an Orb Guardian
  7127 | D        | Noticed BigDaddyOpFi's illusion
  7129 | D        | Killed an Orb Guardian
  7129 | D        | Noticed Hasim the pandemonium lord
  7130 | D        | Noticed a bone dragon
  7130 | D        | Noticed a golden dragon
  7130 | D        | Noticed Mennas
  7131 | D        | Killed a golden dragon
  7131 | D        | Killed Mara
  7132 | D        | Killed an Orb Guardian
  7132 | D        | Killed Mennas
  7132 | D        | Killed a bone dragon
  7133 | D        | Noticed Frederick
  7134 | D        | Killed Hasim the pandemonium lord
  7135 | D        | Reached XP level 18. HP: 200/200 MP: 13/35
  7149 | D        | Killed Frederick
  7150 | D        | Noticed an Orb Guardian
  7161 | D        | Killed an Orb Guardian
  7410 | D        | Noticed an Orb Guardian
  7411 | D        | Noticed an ancient lich
  7412 | D        | Noticed an Orb Guardian
  7413 | D        | Noticed a deep elf master archer
  7414 | D        | Noticed a deep elf blademaster
  7416 | D        | Killed an ancient lich
  7416 | D        | Killed an Orb Guardian
  7416 | D        | Killed a deep elf master archer
  7416 | D        | Killed an Orb Guardian
  7416 | D        | Killed an Orb Guardian
  7416 | D        | Killed a deep elf blademaster
  7416 | D        | Noticed an Orb Guardian
  7417 | D        | Noticed an electric golem
  7417 | D        | Noticed an Orb Guardian
  7418 | D        | Killed an electric golem
  7418 | D        | Killed an Orb Guardian
  7418 | D        | Killed an Orb Guardian
  7418 | D        | Noticed a curse toe
  7419 | D        | Reached skill level 27 in Dodging
  7419 | D        | Noticed a royal mummy
  7424 | D        | Killed a royal mummy
  7426 | D        | Killed a curse toe
  7466 | D        | Noticed a Hell Sentinel
  7472 | D        | Killed a Hell Sentinel
  7732 | D        | Noticed an Orb Guardian
  7742 | D        | Killed an Orb Guardian
  7755 | D        | Noticed a Tzitzimitl
  7755 | D        | Noticed Meyk the pandemonium lord
  7756 | D        | Noticed an electric golem
  7757 | D        | Noticed a pearl dragon
  7758 | D        | Killed a pearl dragon
  7758 | D        | Killed Meyk the pandemonium lord
  7759 | D        | Reached skill level 15 in Evocations
  7761 | D        | Noticed Nikola
  7761 | D        | Noticed an Ice Fiend
  7771 | D        | Killed a Tzitzimitl
  7775 | D        | Killed Nikola
  7776 | D        | Killed an Ice Fiend
  7786 | D        | Killed an electric golem
  7789 | D        | Noticed Qaisusch the pandemonium lord
  7792 | D        | Paralysed by Qaisusch for 5 turns
  7796 | D        | Noticed a Hell Sentinel
  7803 | D        | Paralysed by Qaisusch for 4 turns
  7808 | D        | Killed Qaisusch the pandemonium lord
  7809 | D        | Killed a Hell Sentinel
  7811 | D        | Noticed a Hell Sentinel
  7818 | D        | Killed a Hell Sentinel
  8086 | D        | Noticed an electric golem
  8099 | D        | Killed an electric golem
  8100 | D        | Reached XP level 19. HP: 176/207 MP: 36/36
  8137 | D        | Noticed an orb of fire
  8152 | D        | Killed an orb of fire
  8170 | D        | Noticed a royal mummy
  8173 | D        | Killed a royal mummy
  8220 | D        | Noticed a hellephant
  8228 | D        | Killed a hellephant
  8537 | D        | Found the +7 sceptre of Asmodeus
  8537 | D        | Noticed Asmodeus
  8545 | D        | Killed Asmodeus
  9491 | D        | Reached skill level 27 in Evocations
  9494 | D        | Noticed an orb of fire
  9495 | D        | Gained mutation: You are vulnerable to heat. (rF-) [an orb
                  | of fire]
  9496 | D        | Gained mutation: You are frail. (-10% HP) [an orb of fire]
  9500 | D        | Noticed a Tzitzimitl
  9501 | D        | Gained mutation: You occasionally lose the ability to drink
                  | potions when taking damage. [an orb of fire]
  9503 | D        | Noticed a Brimstone Fiend
  9503 | D        | Noticed an orb of fire
  9920 | D        | Gained mutation: You have a pair of small horns on your
                  | head. [an orb of fire]
  9922 | D        | Gained mutation: You sometimes lose the ability to drink
                  | potions when taking damage. [an orb of fire]
  9931 | D        | Gained mutation: You are weak. (Str -2) [an orb of fire]
  9934 | D        | Killed an orb of fire
  9952 | D        | Killed an orb of fire
  9990 | D        | Killed a Tzitzimitl
 10164 | D        | Killed a Brimstone Fiend
 10165 | D        | Reached skill level 15 in Stealth
 10497 | D        | Noticed a royal mummy
 10497 | D        | Noticed a pearl dragon
 10497 | D        | Noticed Qetwax Muety the pandemonium lord
 10498 | D        | Killed a pearl dragon
 10499 | D        | Killed a royal mummy
 10509 | D        | Killed Qetwax Muety the pandemonium lord
 10510 | D        | Reached XP level 20. HP: 164/194 MP: 31/37
 10669 | D        | Noticed Margery
 10678 | D        | Killed Margery
 10681 | D        | Noticed an orb of fire
 10685 | D        | Gained mutation: Your body sometimes deteriorates upon
                  | taking damage. [an orb of fire]
 10689 | D        | Killed an orb of fire
 10874 | D        | Noticed Huuwk the pandemonium lord
 10881 | D        | Killed Huuwk the pandemonium lord
 10884 | D        | Noticed a Killer Klown
 10891 | D        | Killed a Killer Klown
 10919 | D        | Noticed a bone dragon
 10919 | D        | Noticed a royal mummy
 10920 | D        | Killed a bone dragon
 10920 | D        | Killed a royal mummy
 10920 | D        | Killed an ancient lich
 10920 | D        | Noticed a bone dragon
 10920 | D        | Noticed a bone dragon
 10921 | D        | Reached skill level 27 in Stealth
 10921 | D        | Reached skill level 1 in Spellcasting
 10921 | D        | Noticed an ancient lich
 10921 | D        | Noticed a royal mummy
 10921 | D        | Noticed a royal mummy
 10921 | D        | Noticed an ancient lich
 10921 | D        | Noticed an ancient lich
 10922 | D        | Killed a royal mummy
 10922 | D        | Killed a bone dragon
 10922 | D        | Killed an ancient lich
 10922 | D        | Killed an ancient lich
 10922 | D        | Killed a bone dragon
 10922 | D        | Killed an ancient lich
 10922 | D        | Killed a royal mummy
 10923 | D        | Reached skill level 15 in Spellcasting
 10946 | D        | Noticed a royal mummy
 10946 | D        | Identified the +4 bardiche "Gen Wyg" {drain, rF+ Will+
                  | Str+4 Int+3}
 10946 | D        | Noticed an ancient lich
 10946 | D        | Noticed a bone dragon
 10946 | D        | Noticed a bone dragon
 10947 | D        | Killed a royal mummy
 10947 | D        | Identified the +5 scimitar of Honour {vamp, Dex+3} (You
                  | took it off a skeletal warrior in the Dungeon)
 10949 | D        | Killed an ancient lich
 10949 | D        | Killed a bone dragon
 10949 | D        | Killed a bone dragon
 11145 | D        | Identified the +7 chain mail of Udosu {rPois Str+2 SInv}
 11145 | D        | Identified the amulet of Nobility {Acrobat Drain rF+ rN+}
 11299 | D        | Got a golden rune of Zot
 11299 | D        | Got the Lessons on Nasty Moulding
 11307 | D        | Got the Enchiridion on the Burn
 11363 | D        | Reached XP level 21. HP: 201/201 MP: 44/44
 11373 | D        | Noticed Mnoleg
 11386 | D        | Killed Mnoleg
 11570 | D        | Paralysed by a floating eye for 2 turns
 11889 | D        | Noticed Dissolution
 11903 | D        | Killed Dissolution
 11908 | D        | Noticed Zovieda the pandemonium lord
 11924 | D        | Killed Zovieda the pandemonium lord
 11978 | D        | Noticed Gextismu the pandemonium lord
 11986 | D        | Killed Gextismu the pandemonium lord
 12007 | D        | Noticed Naggel the pandemonium lord
 12012 | D        | Killed Naggel the pandemonium lord
 12017 | D        | Noticed a pearl dragon
 12029 | D        | Killed a pearl dragon
 12034 | D        | Noticed a pearl dragon
 12034 | D        | Noticed a golden dragon
 12038 | D        | Killed a golden dragon
 12045 | D        | Killed a pearl dragon
 12046 | D        | Reached skill level 27 in Spellcasting
 12050 | D        | Noticed Antaeus
 12050 | D        | Noticed an ancient lich
 12050 | D        | Noticed a curse toe
 12050 | D        | Noticed a pearl dragon
 12051 | D        | Noticed a pearl dragon
 12053 | D        | Killed a pearl dragon
 12078 | D        | Killed Antaeus
 12079 | D        | Reached skill level 10 in Maces & Flails
 12079 | D        | Reached skill level 10 in Polearms
 12081 | D        | Killed an ancient lich
 12084 | D        | Killed a curse toe
 12087 | D        | Killed a pearl dragon
 12181 | D        | Got the +9 broad axe of Glory {freeze, Will+ Int+3 Dex+3}
 12184 | D        | Got the ring of Hecvedam {rC+ Str+6}
 12190 | D        | Got the ring "Toetuete" {Wiz Str+2}
 12193 | D        | Got an iron rune of Zot
 12216 | D        | Got the ring "Gyage" {Str+3 Dex+6}
 12218 | D        | Got the amulet "Heqoev" {Spirit Fly rF+++ Regen+ Slay-4}
 12220 | D        | Got the ring of Voluent {Fly Str+3 Slay+4}
 12234 | D        | Got the ring of the Ant {*Corrode rN+ Will+ Str+2}
 12236 | D        | Got the ring "Wuituwih" {Fly Will+ Int+6 Dex-3}
 12238 | D        | Got the ring of Temptation {Fire rElec rPois Will- Dex+2}
 12242 | D        | Got the ring of Zotouceu {rPois rCorr EV+5}
 12245 | D        | Got the ring of Xoocw {Str+3 Int+6}
 12247 | D        | Got the ring "Joydyts" {+Blink AC+4}
 12250 | D        | Got the ring "Quum" {rC++ Will+ MP+9}
 12254 | D        | Got the amulet "Qufoeluf" {Faith rC++ Dex+2}
 12256 | D        | Got the ring of Yxtopoh {rElec Will- rCorr Dex-4 SInv}
 12669 | D        | Got the ring of Eqeclaus {rN+ Int+2}
 12671 | D        | Got the amulet "Xiug" {Acrobat rElec Stlth+}
 13296 | D        | Got Sif Muna's Papyrus of the Boulder
 13478 | D        | Got the Orb of Zot
 13891 | D        | Reached skill level 15 in Maces & Flails
 13891 | D        | Reached skill level 15 in Polearms
 13953 | D        | Noticed a profane servitor
 13967 | D        | Killed a profane servitor
 14033 | D        | Reached XP level 22. HP: 209/209 MP: 53/53
 14318 | D        | Noticed Ojoih the pandemonium lord
 14326 | D        | Noticed Xajiujei the pandemonium lord
 14339 | D        | Killed Ojoih the pandemonium lord
 14341 | D        | Killed Xajiujei the pandemonium lord
 14492 | D        | Noticed a profane servitor
 14504 | D        | Killed a profane servitor
 15081 | D        | Noticed a profane servitor
 15084 | D        | Killed a profane servitor
 15085 | D        | Reached skill level 27 in Maces & Flails
 15085 | D        | Reached skill level 27 in Polearms
 15105 | D        | Reached skill level 5 in Throwing
 15114 | D        | Noticed Siripaul the pandemonium lord
 15125 | D        | Killed Siripaul the pandemonium lord
 15151 | D        | Reached skill level 10 in Throwing
 15210 | D        | Noticed Boris
 15220 | D        | Killed Boris
 15231 | D        | Reached skill level 15 in Throwing
 15294 | D        | Reached XP level 23. HP: 109/216 MP: 54/54
 15314 | D        | Noticed Boris
 15324 | D        | Killed Boris
 15596 | D        | Noticed Adwegrobb the pandemonium lord
 15616 | D        | Killed Adwegrobb the pandemonium lord
 15704 | D        | Noticed Qievalor the pandemonium lord
 15719 | D        | Killed Qievalor the pandemonium lord
 15809 | D        | Noticed Ivaethri the pandemonium lord
 15824 | D        | Killed Ivaethri the pandemonium lord
 15908 | D        | Reached skill level 27 in Throwing
 15920 | D        | Noticed Gerph the pandemonium lord
 15921 | D        | Reached skill level 5 in Unarmed Combat
 15932 | D        | Reached skill level 5 in Staves
 15937 | D        | Killed Gerph the pandemonium lord
 16056 | D        | Noticed Icliunudoi the pandemonium lord
 16072 | D        | Reached skill level 10 in Unarmed Combat
 16073 | D        | Killed Icliunudoi the pandemonium lord
 16074 | D        | Reached skill level 10 in Staves
 16167 | D        | Noticed Ukhla the pandemonium lord
 16185 | D        | Killed Ukhla the pandemonium lord
 16197 | D        | Noticed Emotsuv the pandemonium lord
 16207 | D        | Noticed Areac the pandemonium lord
 16209 | D        | Killed Areac the pandemonium lord
 16209 | D        | Killed Emotsuv the pandemonium lord
 16210 | D        | Reached skill level 15 in Unarmed Combat
 16262 | D        | Noticed Zyur the pandemonium lord
 16271 | D        | Killed Zyur the pandemonium lord
 16272 | D        | Reached skill level 15 in Staves
 16413 | D        | Noticed Foehecvin the pandemonium lord
 16438 | D        | Killed from afar by Foehecvin the pandemonium lord

Illustrated notes

Levels and vault maps discovered:
D:        pitsprint [storerooms_1, entrance_room_1, metal_vault_3, armoury_1,
          mini_pit_1, grid_room_1, main_hall_1, silver_pit, the_coven_3,
          the_vestibule_1, steel_vault_5, golden_pit, hallway_of_sentries,
          crystal_vault_4, iron_vault_5, final_vault]

Skill      XL: |  1  2  3  4  5  6  7  8  9 10 11 12 13 14 15 16 17 18 19 20 21 22 23 |
---------------+----------------------------------------------------------------------+-----
Axes           | 3 5 6 7 8 10 11 13 14 16 18 20 23 27 | 27.0
Fighting       | 4 6 7 8 9 11 12 13 15 17 18 22 25 27 | 27.0
Armour         | 4 5 6 7 8 10 11 12 13 16 17 20 23 27 | 27.0
Shields        | 4 5 6 7 8 10 11 12 14 16 17 20 23 27 | 27.0
Invocations    | 4 7 9 11 14 16 18 21 24 26 27 | 27.0
Dodging        | 7 23 27 | 27.0
Evocations     | 20 27 | 27.0
Stealth        | 21 27 | 27.0
Spellcasting   | 19 27 | 27.0
Maces & Flails | 16 27 | 27.0
Polearms       | 16 27 | 27.0
Throwing       | 17 27 | 27.0
Staves         | 16 | 16.8
Unarmed Combat | 19 | 19.7

Action                     |  1- 3 |  4- 6 |  7- 9 | 10-12 | 13-15 | 16-18 | 19-21 | 22-24 || total
---------------------------+-------+-------+-------+-------+-------+-------+-------+-------++-------
  Melee: War axe           |    18 |    42 |    44 |       |       |       |       |       ||   104
         Labrys            |       |       |     8 |    97 |   127 |   190 |   442 |   508 ||  1372
         Headbutt          |       |       |       |       |       |       |   111 |   142 ||   253
         Unarmed           |       |       |       |       |       |       |       |    14 ||    14
 Invoke: Disaster Area     |       |       |     2 |     4 |     9 |    16 |    12 |    12 ||    55
  Evoke: Wand              |       |       |       |       |       |       |       |     2 ||     2
         Phantom mirror    |       |       |       |       |       |       |       |     1 ||     1
    Use: Potion            |     1 |     4 |       |     3 |       |     4 |     1 |     3 ||    16
         Scroll            |       |       |       |       |     4 |       |     2 |       ||     6
   Stab: Distracted        |       |       |       |       |     1 |       |       |       ||     1
 Armour: Scale mail        |     4 |     9 |       |       |       |       |       |       ||    13
         Chain mail        |       |     6 |    11 |       |       |       |       |       ||    17
         Plate armour      |       |       |     1 |    78 |     5 |       |       |       ||    84
         Crystal plate arm |       |       |       |       |    63 |    18 |       |       ||    81
         Gold dragon scale |       |       |       |       |       |    34 |    72 |    92 ||   198
         Skin              |       |       |       |       |       |       |       |     3 ||     3
  Dodge: Dodged            |     8 |    18 |     9 |    42 |    34 |    47 |   115 |   137 ||   410
         Repelled          |       |       |       |     1 |     1 |     2 |     6 |     4 ||    14
  Block: Buckler           |     4 |    26 |    30 |   118 |    90 |       |       |       ||   268
         Tower shield      |       |       |       |       |    15 |   249 |   413 |   689 ||  1366
         Other             |       |       |       |       |       |       |       |     3 ||     3

Table legend: (Time is in decaauts) A = Elapsed time spent in this place. B = Non-inter-level travel time spent in this place. C = Inter-level travel time spent in this place. D = Time resting spent in this place. E = Time spent auto-exploring this place. F = Levels seen in this place. G = Mean time per level. A B C D E F G +--------+--------+--------+--------+--------+-----+--------+ Total | 16101 | 15608 | 493 | 10187 | 1015 | 1 | 16101.0 | Dungeon | 16101 | 15608 | 493 | 10187 | 1015 | 1 | 16101.0 | +--------+--------+--------+--------+--------+-----+--------+

Top non-repeatable levels by time:
       D: 16101 daAuts
